Workbook
Name numero: #REF!
Name numero: #REF!
Name numero: #REF!
Name numero: #REF!
Name numero: #REF!
Name REVISION: [11]Portada!$H$39

Sheet EAP Chicama
A1: CHICAMA | B1: CUENCA CHICAMA
A2: 1 | B2: Estructura típica
A3: 1A-01 | B3: Dique de Retención (de concreto ciclópeo)
A4: 1A-01 -01 01 | B4: Construcción, mejoramiento y/o rehabilitación de acceso hasta dique de relleno | C4: km
A5: 1A-01 -01 02 | B5: Construcción de campamento provisional de obra
A6: 1A-01 -01 02.01 | B6: Terraplén para campamento provisional | C6: m2
A7: 1A-01 -01 02.02 | B7: Campamento | C7: m2
A8: 1A-01 -01 03 | B8: Desbroce y limpieza con equipo de suelo vegetal h=0.3m (área de influencia PIP) | C8: m2
A9: 1A-01 -01 04 | B9: Acopio de material orgánico en DMO distancia media …km | C9: m3
A10: 1A-01 -01 05 | B10: Excavación para fundación y empotramiento de dique de concreto (indicar el tipo de material y Fw)
A11: 1A-01 -01 05.01 | B11: Excavación hasta nivel de plataforma (indicar si incluye carguío o no dependiendo de la condición) | C11: m3
A12: 1A-01 -01 05.02 | B12: Excavación de base de dique | C12: m3
A13: 1A-01 -01 05.03 | B13: Excavación de uñas de empotramiento de dique h=2m | C13: m3
A14: 1A-01 -01 05.04 | B14: Excavación de uña de colchón de enrocado | C14: m3
A15: 1A-01 -01 05.05 | B15: Excavación en roca/material suelto en estribos de dique profundidad >=1m | C15: m3
A16: 1A-01 -01 05.06 | B16: Excavación para contradique | C16: m3
A17: 1A-01 -01 06 | B17: Conformación y compactación de superficie para fundación
A18: 1A-01 -01 06.01 | B18: Conformación y compactación de superficie para uñas y dique | C18: m2
A19: 1A-01 -01 06.02 | B19: Conformación y compactación de superficie para losa de disipación | C19: m2
A20: 1A-01 -01 06.03 | B20: Conformación y compactación de superficie para colchón de enrocado | C20: m2
A21: 1A-01 -01 07 | B21: Eliminación de material excedente | C21: m3
A22: 1A-01 -01 08 | B22: Colocación de concreto de solados y concreto de regularización
A23: 1A-01 -01 08.01 | B23: Colocación de concreto de regularización para uñas de empotramiento de dique | C23: m3
A24: 1A-01 -01 08.02 | B24: Solado para contradique | C24: m2
A25: 1A-01 -01 09 | B25: Encofrado y Desencofrado
A26: 1A-01 -01 09.01 | B26: Encofrado y desencofrado vertical de uñas de dique | C26: m2
A27: 1A-01 -01 09.02 | B27: Encofrado y desencofrado vertical de escalones de vertedero de dique | C27: m2
A28: 1A-01 -01 09.03 | B28: Encofrado y desencofrado de taludes de dique (1:2) | C28: m2
A29: 1A-01 -01 09.04 | B29: Encofrado y desencofrado vertical de corona de dique | C29: m2
A30: 1A-01 -01 09.05 | B30: Encofrado y desencofrado de contradique | C30: m2
A31: 1A-01 -01 09.06 | B31: Encofrado y desencofrado de muros guías del vertedero | C31: m2
A32: 1A-01 -01 10 | B32: Acero de refuerzo para concreto estructural
A33: 1A-01 -01 10.01 | B33: Habilitación de acero y/o suministro de acero habilitado puesto en obra | C33: kg
A34: 1A-01 -01 10.02 | B34: Colocación de acero estructural fy=4200kgf/cm2 para contradique | C34: kg
A35: 1A-01 -01 10.03 | B35: Colocación de acero estructural fy=4200kgf/cm2 para muros guías del vertedero | C35: kg
A36: 1A-01 -01 11 | B36: Concreto ciclópeo f´c=175kgf/cm2 + 30% PG
A37: 1A-01 -01 11.01 | B37: Colocación de C° Ciclópeo en uñas y base hasta Z1 | C37: m3
A38: 1A-01 -01 11.02 | B38: Colocación de C° Ciclópeo en cuerpo de dique hasta Z3 | C38: m3
A39: 1A-01 -01 11.03 | B39: Colocación de C° Ciclópeo de corona de dique hasta Z4 | C39: m3
A40: 1A-01 -01 11.04 | B40: Colocación de C° Ciclópeo de losa de disipación de energía | C40: m3
A41: 1A-01 -01 12 | B41: Concrero estructural f´c=210kgf/cm2
A42: 1A-01 -01 12.01 | B42: Concreto contradique | C42: m3
A43: 1A-01 -01 12.02 | B43: Concreto muros guías del vertedero e=0.50m | C43: m3
A44: 1A-01 -01 13 | B44: Juntas de construcción
A45: 1A-01 -01 13.01 | B45: WS para Juntas verticales entre tramos de L<=9m de dique | C45: m
A46: 1A-01 -01 13.02 | B46: Sello elástomérico para juntas verticales entre tramos de L<=9m de dique | C46: m
A47: 1A-01 -01 13.03 | B47: Sello elástomérico para junta entre dique y losa de disipación de energía | C47: m
A48: 1A-01 -01 13.04 | B48: WS para junta entre muros y contradique + juntas entre paños de contradique | C48: m
A49: 1A-01 -01 13.05 | B49: Sello elastomérico para junta entre muros y contradique + juntas entre paños de contradique | C49: m
A50: 1A-01 -01 13.06 | B50: WS para juntas horizontales e inclinadas entre dique y muros | C50: m
A51: 1A-01 -01 13.07 | B51: Sello elastomérico para juntas horizontales e inclinadas entre dique y muros | C51: m
A52: 1A-01 -01 13.08 | B52: WS para juntas verticales de muros | C52: m
A53: 1A-01 -01 13.09 | B53: Sello elastomérico para juntas verticales de muros | C53: m
A54: 1A-01 -01 14 | B54: Relleno estructural
A55: 1A-01 -01 14.01 | B55: Relleno estructural contra uñas de empotramiento de dique | C55: m3
A56: 1A-01 -01 14.02 | B56: Relleno estructural contradique | C56: m3
A57: 1A-01 -01 15 | B57: Tubo de PVC D=100mm @1m en contradique | C57: m
A58: 1A-01 -01 16 | B58: Enrocado de protección
A59: 1A-01 -01 16.01 | B59: Procesamiento de material en cantera de roca | C59: m3
A60: 1A-01 -01 16.011 | B60: Transporte de roca para enrocado de protección distancia media …km | C60: m3
A61: 1A-01 -01 16.02 | B61: Colocación de roca en uña de colchón de enrocado | C61: m3
A62: 1A-01 -01 16.03 | B62: Colocación de roca en colchón de enrocado | C62: m3
A65: 7 | B65: Estructura típica de Tramo de Río Chicama: Descolmatación, Encauzamiento y Protección
B66: Descolmatación | C66: m3
B67: Descolmatación y acopio para carguío con tractor D8 y excavadora sobre orugas | C67: m3
B68: Carguío y transporte de material para eliminación Dist. = … km | C68: m3
B69: Conformación de material en DME o terraza
B71: Conformación de diques (ambas márgenes)
B72: Contrucción de nuevos muros Margen derecho (CUI 3 Anexo 2 HID-21-01, según PIP 1.51km)
B73: Construcción de nuevos muros Margen izquierdo (CUI 3 Anexo 2 HID-21-01, según PIP 0km)
B74: Conformación y compactación de superficie para fundación | C74: m2
B75: Conformación de dique con material propio | C75: m3
B76: Perfilado de taludes de dique | C76: m2
B77: Excavación de uña antisocavante | C77: m3
B78: Colocación de geotextil 400g/m2 en uña antisocavante y cara de dique | C78: m2
B79: Colocación de enrocado de protección en uña antisocavante (D=1.5m) | C79: m3
B80: Colocación de filtro (material de cantera) | C80: m3
B81: Transporte de filtro desde cantera xxx (Dist. …km) | C81: m3
B82: Colocación de enrocado de protección de dique (D=1m, e de 1m a 0.50m) | C82: m3
B83: Producción en cantera para Enrocado de protección de diques con voladura | C83: m3
B84: Transporte de enrocado desde cantera yyy (Dist. …km) | C84: m3
B86: Mejoramiento de diques
B87: Muros existente a modificar Margen derecho (CUI 3 Anexo 2 HID-21-01, según PIP 6.9km)
B88: Muros existente a modificar Margen izquierdo (CUI 3 Anexo 2 HID-21-01, según PIP 7.78km)
B89: Conformación de material de recrecimiento de dique existente | C89: m3
B90: Perfilado de taludes de dique | C90: m2
B91: Colocación de geotextil 400g/m2 en cara de dique | C91: m2
B92: Colocación de filtro (material de cantera) | C92: m3
B93: Enrocado para recrecimiento de dique existente | C93: m3

Sheet EAP Virú
A2: Paquete | B2: Descripición del paquete | C2: Und.
A3: VIRÚ | B3: CUENCA VIRÚ
A4: 1A | B4: Estructura típica de Quebradas Virú: Protección y Encauzamiento (DIQUES LONGITUDINALES)
B5: Construcción de defensas ribereñas en río/quebrada y encauzamiento
B6: Diques de encauzamiento y protección del río Carabamba Prog. 0+220 a. abajo @ 2+920 a. arriba
B7: Construcción, mejoramiento y/o rehabilitación de acceso hasta diques de relleno
B8: Construcción de campamento provisional de obra
B9: Terraplén para campamento provisional
B10: Campamento
B11: Desbroce y limpieza 110m de ancho | C11: m2
B12: Acopio de material orgánico en DMO
B13: Encauzamiento de aguas superficiales
B14: Descolmatación, limpieza y conformación del cauce | C14: m3
B15: Conformación y compactación de superficie para fundación | C15: m2
B16: Conformación de dique con material propio y material de préstamo | C16: m3
B17: Adecuación de depósito de material excedente (temporal) | C17: m3
B18: Eliminación de material excedente | C18: m3
B19: Perfilado de talud de cara húmeda de dique | C19: m2
B20: Excavación de uña antisocavante | C20: m3
B21: Conformación y perfilado de uña antisocavante
B22: Excavación de zanja para anclaje de geotextil
B23: Colocación de geotextil 400g/m2 en uña antisocavante y cara de dique | C23: m2
B24: Colocación de enrocado de protección en uña antisocavante (D=1.5m) | C24: m3
B25: Extracción y procesamiento de material para filtro | C25: m3
B26: Transporte de filtro desde cantera xxx (Dist. …km) | C26: m3
B27: Colocación de filtro (material de cantera) | C27: m3
B28: Producción en cantera para Enrocado de protección de diques con voladura | C28: m3
B29: Selección de material enrocado y acopio temporal
B30: Transporte de enrocado desde cantera yyy (Dist. …km) | C30: m3
B31: Colocación de enrocado de protección de dique (D=1m, e de 1m a 0.50m) | C31: m3
B32: Perfilado de talud de cara seca de dique | C32: m2
B33: Limpieza y entrega de obra
A35: 2 | B35: Estructura típica: Diques de Retención con GAVIONES
B36: Diques de encauzamiento y protección del río Carabamba Ciudad Prog. 0+000 @ 1+080
B37: Construcción, mejoramiento y/o rehabilitación de acceso hasta diques de relleno
B38: Construcción de campamento provisional de obra
B39: Terraplén para campamento provisional
B40: Campamento
B41: Desbroce y limpieza 30m de ancho | C41: m2
B42: Acopio de material orgánico en DMO
B43: Encauzamiento de aguas superficiales
B44: Excavación para fundación de gaviones (Fundación en roca: Adaptar de acuerdo al terreno) | C44: m3
B45: Anclaje de cajas de gaviones contra roca de fundación | C45: m2
B46: Conformación y compactación de superficie para fundación | C46: m2
B47: Colocación de geotextil 300g/m2 para base de gaviones y en la cara vertical | C47: m2
B48: Colocación de cajones de gaviones de malla inox. y piedra D<0.30m hasta nivel de corona de dique | C48: m3
B49: Selección de roca 30cm para gaviones de material de cantera | C49: m2
B50: Conformación de cauce con tractor sobre orugas y remoción de material excedente | C50: m3
B51: Proceso de material granular en cantera
B52: Construcción, mejoramiento y/o rehabilitación de acceso hasta diques de relleno
B53: Transporte de material granular desde cantera
B54: Relleno de diques con rodillo 2T y equipo manual con material de préstamo | C54: m3
B55: Perfilado de diques | C55: m3
B56: Eliminación de material excedente | C56: m3
A58: 4 | B58: PY 01 - PQT 04 -QDA EL NIÑO: Diques de Retención y Encauzamiento
B59: Construcción de badén de concreto armado Prog. 0+760
B60: Desbroce y limpieza | C60: m2
B61: Excavación hasta nivel de fundación | C61: m3
B62: Conformación y compactación de superficie para fundación | C62: m2
B63: Solado de concreto f´c=10MPa | C63: m2
B64: Habilitación y colocación de acero de refuerzo fy= 4200kgf/cm2 | C64: kg
B65: Encofrado de badén | C65: m2
B66: Juntas entre paños de 5m | C66: m
B67: Colocación de concreto estructural f´c=210kgf/cm2 | C67: m3
B70: Construcción de la Bocatoma Ramos
B71: Construcción, mejoramiento y/o rehabilitación de acceso hasta diques de relleno | C71: km
B72: Construcción de campamento provisional de obra | C72: m2
B73: Terraplén para campamento provisional | C73: m2
B74: Campamento | C74: m2
B75: Conformación y compactación de superficie para fundación | C75: m2
B76: Enrocado acomodado en zonas adyacentes | C76: m3
B77: Poza disipadora
B78: Canal despedrador
B79: Barrajes
B80: Muros de contención de C°A°
B81: Estructuras metálicas
B82: Barandas
B83: Compuertas radial y plana
B84: Escaleras
B86: Diques de encauzamiento y protección del río Virú Prog. 0+000 @13+100 a. abajo (margen derecha)
B87: Conformación de dique con material propio y material de préstamo | C87: m3
B88: Perfilado de taludes de dique | C88: m2
B89: Excavación de uña antisocavante | C89: m3
B90: Conformación y compactación de superficie para fundación | C90: m2
B91: Colocación de geotextil 400g/m2 en uña antisocavante y cara de dique | C91: m2
B92: Colocación de enrocado de protección en uña antisocavante (D=1.5m) | C92: m3
B93: Colocación de filtro (material de cantera) | C93: m3
B94: Transporte de filtro desde cantera xxx (Dist. …km) | C94: m3
B95: Colocación de enrocado de protección de dique (D=1m, e de 1m a 0.60m) | C95: m3
B96: Producción en cantera para Enrocado de protección de diques con voladura | C96: m3
B97: Transporte de enrocado desde cantera yyy (Dist. …km) | C97: m3
B99: Encauzamiento del río Virú Prog. 13+100 @ 22+808.56 a. arriba (todo el ancho)
B100: =CONCATENATE("Desbroce y limpieza lado izquierdo (ancho de cauce promedio = ",ROUNDUP(#REF!,0),"m)") -> #REF! | C100: m2
B101: Retiro de top soil | C101: m3
B102: Transporte y acopio de material orgánico | C102: m3
B103: Reconformación del cauce con material propio (corte/relleno con tractor sobre orugas) | C103: m2

Sheet Rescate y traslado
B2: FORMATO C2: ANÁLISIS DE PRECIOS UNITARIOS | H2: CO-PE-1PE326-CM-HA-05
H3: Revisión 0
B4: “ENTREGA DE LAS DEFENSAS RIBEREÑAS DE LOS RÍOS CHICAMA Y VIRÚ (PAQUETE 9R-06)" | H4: Fecha: 09/03/2022
A6: Proyecto: | C6: Entrega de las Defensas Ribereñas de los Ríos Chicama y Virú
A7: Río: | C7: Chicama
A8: N° del Paquete:
A9: Nombre del Paquete:
A11: Referencia:
A13: Instrucciones para el llenado de la planilla: El Postor deberá llenar cada concepto de acuerdo a su estructura, considerando los recursos a usar en cada una de las partidas de su análisis de precio unitario directo. Para el caso de equipos, se debe considerar operador, con combustible y todos los costos que el postor considere. El ejemplo mostrado es sólo referencial, sólo muestra una plantilla de guía para el postor.
A15: Partida | B15: RESCATE Y TRASLADO | D15: GLB
B18: Código | C18: Descripción Recurso | D18: Unidad | E18: Cuadrilla | F18: Cantidad | G18: Precio S/ | H18: Parcial S/
C19: Mano de Obra
C20: ESPECIALISTA DE CAMPO | D20: mes | E20: 1 | F20: 1.5 | G20: =+Sheet1!G12 -> 8660.9833 | H20: =G20*F20*E20 -> 12991.475
C21: SUPERVISOR DE SSOMA | D21: mes | E21: 1 | F21: 1.5 | G21: =+Sheet1!H12 -> 8660.9833 | H21: =G21*F21*E21 -> 12991.475
C22: INGENIERO FORESTAL/AGRONOMO JUNIOR | D22: mes | E22: 2 | F22: 1.5 | G22: =+Sheet1!I12 -> 5693.3333 | H22: =G22*F22*E22 -> 17080
C23: AUXILIAR DE CAMPO | D23: mes | E23: 12 | F23: 1.5 | G23: =+Sheet1!J12 -> 2989 | H23: =G23*F23*E23 -> 53802
H24: =SUM(H20:H23) -> 96864.95 | K24: Detalle de Herramientas
C25: Materiales
C26: CAMIONETA (INCLUYE CONDUCTOR/COMBUSTIBLE) | D26: mes | E26: 3 | F26: 1.5 | G26: 14000 | H26: =G26*F26*E26 -> 63000
C27: VAN/ para traslado de personal de Chicama al Proyecto Incluye chofer y combustible | D27: mes | E27: 1 | F27: 1.5 | G27: 15900 | H27: =G27*F27*E27 -> 23850 | K27: Tijera curva para poda | L27: und | N27: 3 | O27: 44 | P27: =+N27*O27 -> 132
C28: INSUMOS/HERRAMIENTAS (palas/picos/cuchillas etc) | D28: glb | E28: 1 | F28: 1 | G28: =+P47 -> 10887 | H28: =G28*F28*E28 -> 10887 | K28: Carretilla | L28: und | N28: 6 | O28: 320 | P28: =+N28*O28 -> 1920
C29: GPS | D29: día | E29: 1 | F29: 45 | G29: 15 | H29: =G29*F29*E29 -> 675 | K29: Machete de 55cm | L29: und | N29: 5 | O29: 70 | P29: =+N29*O29 -> 350
C30: DRONE | D30: día | E30: 1 | F30: 15 | G30: 400 | H30: =G30*F30*E30 -> 6000 | K30: Pala | L30: und | N30: 7 | O30: 80 | P30: =+N30*O30 -> 560
C31: apertura de accesos | D31: glb | E31: 1 | F31: 1 | G31: 20000 | H31: =G31*F31*E31 -> 20000
H32: =SUM(H26:H31) -> 124412 | K32: Barreta | L32: und | N32: 7 | O32: 120 | P32: =+N32*O32 -> 840
C33: Viáticos | K33: Piocha | L33: und | N33: 7 | O33: 75 | P33: =+N33*O33 -> 525
C34: ALOJAMIENTO (5PERSONAS) (50 soles díarios) | D34: mes | E34: 5 | F34: 1.5 | G34: 1500 | H34: =+E34*F34*G34 -> 11250 | K34: Bollo de Pita (100 mts) | L34: und | N34: 5 | O34: 80 | P34: =+N34*O34 -> 400
C35: ALIMENTACIÓN (desayuno/almuerzo/cena 4 PERSONAS) (60 soles por persona) | D35: mes | E35: 5 | F35: 1.5 | G35: 1860 | H35: =+E35*F35*G35 -> 13950 | K35: Manguera | L35: metro | N35: 450 | O35: 2 | P35: =+N35*O35 -> 900
C36: ALIMENTACION PERSONAL DE PISO (DESAYUO ALMUERZO) (47 soles por persona) Conductores y Operador del Drone | D36: mes | E36: 15 | F36: 1.5 | G36: 1400 | H36: =+E36*F36*G36 -> 31500
H37: =SUM(H34:H36) -> 56700 | K37: Camaras Fotograficas | L37: und | N37: 1 | O37: 300 | P37: =+N37*O37 -> 300
C38: Seguridad y Salud Ocupacional | K38: Bandejas para transportar plantas | L38: und | N38: 20 | O38: 110 | P38: =+N38*O38 -> 2200
C39: SCTR | D39: mes | E39: 1 | F39: 1.5 | G39: 2600 | H39: =G39*F39*E39 -> 3900 | K39: Malla Rached | L39: rollo | N39: 1 | O39: 1000 | P39: =+N39*O39 -> 1000
C40: VidaLey | D40: mes | E40: 1 | F40: 1.5 | G40: 1000 | H40: =G40*F40*E40 -> 1500 | K40: Rafia | L40: rollo | N40: 30 | O40: 22 | P40: =+N40*O40 -> 660
C41: PÓLIZA VEHÍCULO | D41: mes | E41: 4 | F41: 1.5 | G41: 700 | H41: =G41*F41*E41 -> 4200 | K41: Picos | L41: und | N41: 5 | O41: 75 | P41: =+N41*O41 -> 375
C42: RESPONSABILIDAD CIVIL | D42: mes | E42: 1 | F42: 1.5 | G42: 1300 | H42: =G42*F42*E42 -> 1950 | K42: Traza lineas | L42: und | N42: 5 | O42: 30 | P42: =+N42*O42 -> 150
C43: TRASLADOS DE PERSONAL FORANEO | D43: mes | E43: 1 | F43: 1.5 | G43: 2000 | H43: =G43*F43*E43 -> 3000
H44: =SUM(H39:H43) -> 14550 | K44: yeso | L44: kg | N44: 50 | O44: 3 | P44: =+N44*O44 -> 150
C45: Gastos administrativos | K45: Winchas (50m) | L45: und | N45: 5 | O45: 85 | P45: =+N45*O45 -> 425
C46: ADMINISTRADOR | D46: mes | E46: 1 | F46: 0.75 | G46: =+Sheet1!L12 -> 4889 | H46: =G46*F46*E46 -> 3666.75
C47: RESPONSABLE DE LOGÍSTICA Y RRHH | D47: mes | E47: 1 | F47: 0.75 | G47: =+Sheet1!M12 -> 4889 | H47: =G47*F47*E47 -> 3666.75 | P47: =SUM(P26:P46) -> 10887
C48: MOBILIARIO | D48: glb | E48: 1 | F48: 1 | G48: 3000 | H48: =G48*F48*E48 -> 3000
C49: ALQUILER DE OFICINAS/ ALMACEN | D49: MES | E49: 1 | F49: 1.5 | G49: 1000 | H49: =G49*F49*E49 -> 1500
C50: EMO (Incluye el operador del Drone) | D50: PERSONA | E50: 1 | F50: 21 | G50: 390 | H50: =G50*F50*E50 -> 8190
C51: EPP (Incluye el Operador del Drone) | D51: PERSONA | E51: 1 | F51: 21 | G51: 400 | H51: =G51*F51*E51 -> 8400
C52: Gastos Financieros (carta fianza , intereses , seguros ) | D52: glB | E52: 1 | F52: 1 | G52: 5000 | H52: =G52*F52*E52 -> 5000
C53: VIGILANCIA | D53: MES | E53: 4 | F53: 1.5 | G53: 1500 | H53: =G53*F53*E53 -> 9000
H55: =SUM(H46:H54) -> 42423.5
C56: Total Rescate y traslado | H56: =+H24+H32+H37+H44+H55 -> 334950.45
B59: Nota.
B60: Se tiene las siguientes cantidades referenciales, Ver Inventario adjunto_Cactaceas 23.11.23
B62: Especies | F62: Unidad | G62: Cantidad
B63: Neoraimondia arequipensis (Cactus gigantes prismáticos) | F63: und | G63: 3299
B64: Haageocereus pacalaensis (Cola de zorro) | F64: und | G64: 1656
B65: Melocactus peruvianus (Asiento de suegra) | F65: und | G65: 1832
B66: Tillandsia latifolia (Penca aérea) | F66: und | G66: 508

Sheet Mantenimiento de Vivero
B2: FORMATO C2: ANÁLISIS DE PRECIOS UNITARIOS | H2: CO-PE-1PE326-CM-HA-05
H3: Revisión 0
B4: “ENTREGA DE LAS DEFENSAS RIBEREÑAS DE LOS RÍOS CHICAMA Y VIRÚ (PAQUETE 9R-06)" | H4: Fecha: 09/03/2022
A6: Proyecto: | C6: Entrega de las Defensas Ribereñas de los Ríos Chicama y Virú
A7: Río: | C7: Chicama
A8: N° del Paquete:
A9: Nombre del Paquete:
A11: Referencia:
A13: Instrucciones para el llenado de la planilla: El Postor deberá llenar cada concepto de acuerdo a su estructura, considerando los recursos a usar en cada una de las partidas de su análisis de precio unitario directo. Para el caso de equipos, se debe considerar operador, con combustible y todos los costos que el postor considere. El ejemplo mostrado es sólo referencial, sólo muestra una plantilla de guía para el postor.
A15: Partida | B15: MANTENIMIENTO DE VIVERO | D15: GLB
B18: Código | C18: Descripción Recurso | D18: Unidad | E18: Cuadrilla | F18: Cantidad | G18: Precio S/ | H18: Parcial S/
C19: Mano de Obra
C20: ESPECIALISTA DE CAMPO | D20: mes | E20: 1 | F20: 2 | G20: =+Sheet1!G12 -> 8660.9833 | H20: =G20*F20*E20 -> 17321.967
C21: SUPERVISOR DE SSOMA | D21: mes | E21: 1 | F21: 2 | G21: =+Sheet1!H12 -> 8660.9833 | H21: =G21*F21*E21 -> 17321.967
C22: INGENIERO FORESTAL/AGRONOMO JUNIOR | D22: mes | E22: 1 | F22: 2 | G22: =+Sheet1!I12 -> 5693.3333 | H22: =E22*F22*G22 -> 11386.667
C23: AUXILIAR DE CAMPO | D23: mes | E23: 4 | F23: 2 | G23: =+Sheet1!J12 -> 2989 | H23: =G23*F23*E23 -> 23912
H24: =SUM(H20:H23) -> 69942.6
C25: Instalación de Vivero / Invernadero
C26: CONSTRUCCIÓN DE ESTRUCTURA (150 m2) | D26: glb | E26: 1 | F26: 4 | G26: 15000 | H26: =G26*F26*E26 -> 60000
C27: ADQUISICIÓN DE SUSTRATO | D27: glb | E27: 1 | F27: 1 | G27: 9000 | H27: =G27*F27*E27 -> 9000
C28: ADQUISICIÓN DE FERTILIZANTES | D28: glb | E28: 1 | F28: 1 | G28: 15000 | H28: =G28*F28*E28 -> 15000
C29: OTROS MATERIALES | D29: glb | E29: 1 | F29: 1 | G29: 2500 | H29: =G29*F29*E29 -> 2500
C30: ABASTECIMIENTO DE AGUA | D30: mes | E30: 2.5 | F30: 2 | G30: 1500 | H30: =G30*F30*E30 -> 7500
C31: CAMIONETA (INCLUYE CONDUCTOR/COMBUSTIBLE) | D31: mes | E31: 2 | F31: 2 | G31: 14000 | H31: =G31*F31*E31 -> 56000
C32: Baños Portatiles (limpieza 2 veces por semna) | D32: mes | E32: 4 | F32: 2 | G32: 580 | H32: =G32*F32*E32 -> 4640
H33: =SUM(H26:H32) -> 154640
C34: Viáticos
C35: ALOJAMIENTO (3 PERSONAS) | D35: mes | E35: 3 | F35: 2 | G35: 1500 | H35: =+E35*F35*G35 -> 9000
C36: ALIMENTACIÓN (desayuno/almuerzo/cena 3 PERSONAS) | D36: mes | E36: 3 | F36: 2 | G36: 1860 | H36: =+E36*F36*G36 -> 11160
C37: ALIMENTACION PERSONAL DE PISO (DESAYUNO ALMUERZO) | D37: mes | E37: 6 | F37: 2 | G37: 1400 | H37: =+E37*F37*G37 -> 16800
H39: =SUM(H35:H38) -> 36960
C40: Seguridad y Salud Ocupacional
C41: SCTR | D41: mes | E41: 1 | F41: 2 | G41: 2600 | H41: =G41*F41*E41 -> 5200
C42: VidaLey | D42: mes | E42: 1 | F42: 2 | G42: 1000 | H42: =G42*F42*E42 -> 2000
C43: PÓLIZA VEHÍCULO | D43: mes | E43: 2 | F43: 2 | G43: 700 | H43: =G43*F43*E43 -> 2800
C44: RESPONSABILIDAD CIVIL | D44: mes | E44: 1 | F44: 2 | G44: 1300 | H44: =G44*F44*E44 -> 2600
C45: TRASLADOS DE PERSONAL FORANEO | D45: mes | E45: 1 | F45: 2 | G45: 2000 | H45: =G45*F45*E45 -> 4000
H47: =SUM(H41:H46) -> 16600
C48: Gastos administrativos
C49: ADMINISTRADOR | D49: mes | E49: 1 | F49: 1 | G49: =+Sheet1!L12 -> 4889 | H49: =G49*F49*E49 -> 4889
C50: RESPONSABLE DE LOGÍSTICA Y RRHH | D50: mes | E50: 1 | F50: 1 | G50: =+Sheet1!M12 -> 4889 | H50: =G50*F50*E50 -> 4889
C51: ALQUILER DE OFICINAS/ ALMACEN | D51: MES | E51: 1 | F51: 2 | G51: 1000 | H51: =G51*F51*E51 -> 2000
C52: VIGILANCIA | D52: MES | E52: 4 | F52: 2 | G52: 1500 | H52: =G52*F52*E52 -> 12000
H53: =SUM(H49:H52) -> 23778
C54: Total mantenimiento de vivero | H54: =+H53+H47+H39+H33+H24 -> 301920.6
C57: Nota.
C58: Se tiene las siguientes cantidades referenciales, Ver Inventario adjunto_Cactaceas 23.11.23
C61: Producción
C62: Neoraimondia arequipensis (Cactus gigantes prismáticos) | D62: und | E62: 1 | F62: 3299
C63: Haageocereus pacalaensis (Cola de zorro) | D63: und | E63: 1 | F63: 1656
C64: Melocactus peruvianus (Asiento de suegra) | D64: und | E64: 1 | F64: 1832
C65: Tillandsia latifolia (Penca aérea) | D65: und | E65: 1 | F65: 508

Sheet Transplante y reubicación
B2: FORMATO C2: ANÁLISIS DE PRECIOS UNITARIOS | H2: CO-PE-1PE326-CM-HA-05
H3: Revisión 0
B4: “ENTREGA DE LAS DEFENSAS RIBEREÑAS DE LOS RÍOS CHICAMA Y VIRÚ (PAQUETE 9R-06)" | H4: Fecha: 09/03/2022
A6: Proyecto: | C6: Entrega de las Defensas Ribereñas de los Ríos Chicama y Virú
A7: Río: | C7: Chicama
A8: N° del Paquete:
A9: Nombre del Paquete:
A11: Referencia:
A13: Instrucciones para el llenado de la planilla: El Postor deberá llenar cada concepto de acuerdo a su estructura, considerando los recursos a usar en cada una de las partidas de su análisis de precio unitario directo. Para el caso de equipos, se debe considerar operador, con combustible y todos los costos que el postor considere. El ejemplo mostrado es sólo referencial, sólo muestra una plantilla de guía para el postor.
A15: Partida | B15: TRANSPLANTE Y REUBICACIÓN | D15: GLB
B18: Código | C18: Descripción Recurso | D18: Unidad | E18: Cuadrilla | F18: Cantidad | G18: Precio S/ | H18: Parcial S/
C19: Mano de Obra
C20: ESPECIALISTA DE CAMPO | D20: mes | E20: 1 | F20: 1 | G20: =+Sheet1!G12 -> 8660.9833 | H20: =G20*F20*E20 -> 8660.9833
C21: SUPERVISOR DE SSOMA | D21: mes | E21: 1 | F21: 1 | G21: =+Sheet1!H12 -> 8660.9833 | H21: =G21*F21*E21 -> 8660.9833
C22: INGENIERO FORESTAL/AGRONOMO JUNIOR | D22: mes | E22: 2 | F22: 1 | G22: =+Sheet1!I12 -> 5693.3333 | H22: =G22*F22*E22 -> 11386.667
C23: AUXILIAR DE CAMPO | D23: mes | E23: 12 | F23: 1 | G23: =+Sheet1!J12 -> 2989 | H23: =G23*F23*E23 -> 35868
C24: Materiales | H24: =SUM(H20:H23) -> 64576.633
C26: CAMIONETA (INCLUYE CONDUCTOR/COMBUSTIBLE) | D26: mes | E26: 3 | F26: 1 | G26: 14000 | H26: =G26*F26*E26 -> 42000
C27: VAN/ para traslado de personal de Chicama al Proyecto Incluye chofer y combustible | D27: mes | E27: 1 | F27: 1 | G27: 15900 | H27: =G27*F27*E27 -> 15900
C28: DRONE | D28: día | E28: 1 | F28: 10 | G28: 400 | H28: =G28*F28*E28 -> 4000
C29: GPS | D29: día | E29: 1 | F29: 45 | G29: 15 | H29: =G29*F29*E29 -> 675
H30: =SUM(H26:H29) -> 62575
C31: Viáticos
C32: ALOJAMIENTO (4 PERSONAS) | D32: mes | E32: 5 | F32: 1 | G32: 1500 | H32: =+E32*F32*G32 -> 7500
C33: ALIMENTACIÓN (desayuno/almuerzo/cena 4 PERSONAS) | D33: mes | E33: 5 | F33: 1 | G33: 1860 | H33: =+E33*F33*G33 -> 9300
C34: ALIMENTACION PERSONAL DE PISO (DESAYUNO ALMUERZO) | D34: mes | E34: 15 | F34: 1 | G34: 1400 | H34: =+E34*F34*G34 -> 21000
H35: =SUM(H32:H34) -> 37800
C36: Seguridad y Salud Ocupacional
C37: SCTR | D37: mes | E37: 1 | F37: 1 | G37: 2600 | H37: =G37*F37*E37 -> 2600
C38: VidaLey | D38: mes | E38: 1 | F38: 1 | G38: 1000 | H38: =G38*F38*E38 -> 1000
C39: PÓLIZA VEHÍCULO | D39: mes | E39: 4 | F39: 1 | G39: 700 | H39: =G39*F39*E39 -> 2800
C40: RESPONSABILIDAD CIVIL | D40: mes | E40: 1 | F40: 1 | G40: 1300 | H40: =G40*F40*E40 -> 1300
C41: TRASLADOS DE PERSONAL FORANEO | D41: mes | E41: 1 | F41: 1 | G41: 2000 | H41: =G41*F41*E41 -> 2000
H43: =SUM(H37:H42) -> 9700
C44: Gastos administrativos
C45: ADMINISTRADOR | D45: mes | E45: 1 | F45: 0.5 | G45: =+Sheet1!L12 -> 4889 | H45: =G45*F45*E45 -> 2444.5
C46: RESPONSABLE DE LOGÍSTICA Y RRHH | D46: mes | E46: 1 | F46: 0.5 | G46: =+Sheet1!M12 -> 4889 | H46: =G46*F46*E46 -> 2444.5
C47: ALQUILER DE OFICINAS/ ALMACEN | D47: MES | E47: 1 | F47: 1 | G47: 1000 | H47: =G47*F47*E47 -> 1000
C48: VIGILANCIA | D48: MES | E48: 4 | F48: 1 | G48: 1500 | H48: =G48*F48*E48 -> 6000
H50: =SUM(H45:H49) -> 11889
C51: Total transplante y reubicación | H51: =+H24+H30+H35+H43+H50 -> 186540.63
C54: Nota.
C55: Se tiene las siguientes cantidades referenciales, Ver Inventario adjunto_Cactaceas 23.11.23
C58: Especies de transplante
C59: Neoraimondia arequipensis (Cactus gigantes prismáticos) | D59: und | E59: 1 | F59: 3299 | G59: 0 | H59: =G59*F59*E59 -> 0
C60: Haageocereus pacalaensis (Cola de zorro) | D60: und | E60: 1 | F60: 1656 | G60: 0 | H60: =G60*F60*E60 -> 0
C61: Melocactus peruvianus (Asiento de suegra) | D61: und | E61: 1 | F61: 1832 | G61: 0 | H61: =G61*F61*E61 -> 0
C62: Tillandsia latifolia (Penca aérea) | D62: und | E62: 1 | F62: 508 | H62: =SUM(H59:H61) -> 0

Sheet Mantto. Evaluación y control
B2: FORMATO C2: ANÁLISIS DE PRECIOS UNITARIOS | H2: CO-PE-1PE326-CM-HA-05
H3: Revisión 0
B4: “ENTREGA DE LAS DEFENSAS RIBEREÑAS DE LOS RÍOS CHICAMA Y VIRÚ (PAQUETE 9R-06)" | H4: Fecha: 09/03/2022
A6: Proyecto: | C6: Entrega de las Defensas Ribereñas de los Ríos Chicama y Virú
A7: Río: | C7: Chicama
A8: N° del Paquete:
A9: Nombre del Paquete:
A11: Referencia:
A13: Instrucciones para el llenado de la planilla: El Postor deberá llenar cada concepto de acuerdo a su estructura, considerando los recursos a usar en cada una de las partidas de su análisis de precio unitario directo. Para el caso de equipos, se debe considerar operador, con combustible y todos los costos que el postor considere. El ejemplo mostrado es sólo referencial, sólo muestra una plantilla de guía para el postor.
A15: Partida | B15: MANTENIMIENTO, EVALUACIÓN Y CONTROL | D15: GLB
B18: Código | C18: Descripción Recurso | D18: Unidad | E18: Cuadrilla | F18: Cantidad | G18: Precio S/ | H18: Parcial S/
C19: Mano de Obra
C20: ESPECIALISTA DE CAMPO | D20: mes | E20: 1 | F20: 0.5 | G20: =+Sheet1!G12 -> 8660.9833 | H20: =G20*F20*E20 -> 4330.4917
C21: SUPERVISOR DE SSOMA | D21: mes | E21: 1 | F21: 0.5 | G21: =+Sheet1!H12 -> 8660.9833 | H21: =G21*F21*E21 -> 4330.4917
C22: INGENIERO FORESTAL/AGRONOMO JUNIOR | D22: mes | E22: 1 | F22: 0.5 | G22: =+Sheet1!I12 -> 5693.3333 | H22: =G22*F22*E22 -> 2846.6667
C23: AUXILIAR DE CAMPO | D23: mes | E23: 4 | F23: 0.5 | G23: =+Sheet1!J12 -> 2989 | H23: =G23*F23*E23 -> 5978
H25: =SUM(H20:H24) -> 17485.65
C26: Equipos
C27: CAMIONETA (INCLUYE CONDUCTOR/combustible | D27: mes | E27: 2 | F27: 0.5 | G27: 14000 | H27: =G27*F27*E27 -> 14000
C28: INSUMOS/HERRAMIENTAS | D28: glb | E28: 1 | F28: 1 | G28: 3000 | H28: =G28*F28*E28 -> 3000
H29: =SUM(H27:H28) -> 17000
C30: Viáticos
C31: ALOJAMIENTO (4 PERSONAS) | D31: mes | E31: 4 | F31: 0.5 | G31: 1500 | H31: =G31*F31*E31 -> 3000
C32: ALIMENTACIÓN (desayuno/almuerzo/cena 4 PERSONAS) | D32: mes | E32: 4 | F32: 0.5 | G32: 1860 | H32: =G32*F32*E32 -> 3720
C33: ALIMENTACION PERSONAL DE PISO (DESAYUNO ALMUERZO) Incluye conductores | D33: mes | E33: 5 | F33: 0.5 | G33: 1400 | H33: =G33*F33*E33 -> 3500
H34: =SUM(H31:H33) -> 10220
C35: Seguridad y Salud Ocupacional (los seguros se sacan mensual)
C36: SCTR | D36: mes | E36: 1 | F36: 1 | G36: 2600 | H36: =G36*F36*E36 -> 2600
C37: VidaLey | D37: mes | E37: 1 | F37: 1 | G37: 1000 | H37: =G37*F37*E37 -> 1000
C38: PÓLIZA VEHÍCULO | D38: mes | E38: 2 | F38: 1 | G38: 700 | H38: =G38*F38*E38 -> 1400
C39: RESPONSABILIDAD CIVIL | D39: mes | E39: 1 | F39: 1 | G39: 1300 | H39: =G39*F39*E39 -> 1300
C40: TRASLADOS DE PERSONAL FORANEO | D40: mes | E40: 1 | F40: 1 | G40: 2000 | H40: =G40*F40*E40 -> 2000
H41: =SUM(H36:H40) -> 8300
C42: Gastos administrativos
C43: ADMINISTRADOR | D43: mes | E43: 1 | F43: 0.5 | G43: =+Sheet1!L5 -> 4000 | H43: =G43*F43*E43 -> 2000
C44: RESPONSABLE DE LOGÍSTICA Y RRHH | D44: mes | E44: 1 | F44: 0.5 | G44: =+Sheet1!M5 -> 4000 | H44: =G44*F44*E44 -> 2000
C45: ALQUILER DE OFICINAS/ ALMACEN | D45: MES | E45: 1 | F45: 0.5 | G45: 1000 | H45: =G45*F45*E45 -> 500
C46: VIGILANCIA | D46: MES | E46: 1 | F46: 0 | G46: 1500 | H46: =G46*F46*E46 -> 0
H48: =SUM(H43:H47) -> 4500
C49: Total mantenimiento, evaluación y control | H49: =+H25+H29+H34+H41+H48 -> 57505.65
C51: Nota.
C52: Incluye repique y resiembra en los rangos establecidos en el TDR.

Sheet RESUMEN DE COSTOS
A1: Ítem | B1: Descripción | C1: Unidad | D1: Cantidad | E1: Costo Unitario (S/) | F1: Costo parcial (S/)
A2: 1 | B2: Rescate y traslado | C2: Glb | D2: 1 | E2: ='Rescate y traslado'!H56 -> 334950.45 | F2: =D2*E2 -> 334950.45
A3: 2 | B3: Mantenimiento de Vivero | C3: Glb | D3: 1 | E3: ='Mantenimiento de Vivero'!H54 -> 301920.6 | F3: =D3*E3 -> 301920.6
A4: 3 | B4: Transplante y reubicación | C4: Glb | D4: 1 | E4: ='Transplante y reubicación'!H51 -> 186540.63 | F4: =D4*E4 -> 186540.63
A5: 4 | B5: Mantto. Evaluación y control | C5: Glb | D5: 1 | E5: ='Mantto. Evaluación y control'!H49 -> 57505.65 | F5: =D5*E5 -> 57505.65
A6: A. SUB TOTAL (S/) | F6: =SUM(F2:F5) -> 880917.33
A7: B. UTILIDAD (10%) | F7: =F6*0.1 -> 88091.733
A8: C. TOTAL COSTO DETERMINADO (A+B) | F8: =SUM(F6:F7) -> 969009.07
A9: D. IGV (18% C) | F9: =F8*0.18 -> 174421.63
A10: TOTAL (S/) | F10: =SUM(F8:F9) -> 1143430.7

Sheet Sheet1
D3: IT | E3: PLANILLA | F3: % | G3: Cargo | H3: Cargo | I3: Cargo | J3: Cargo | K3: Cargo | L3: Cargo | M3: Cargo
D4: 1 | E4: Remuneraciones | G4: Especilista de Campo Ingeniero Agronomo | H4: Especilista de SSOMA | I4: Ingeniero Forestal/Agronomo Junior | J4: Ayudantes de Campo - Personal de Piso | K4: Cartógrafo | L4: Administrador | M4: Logistica
E5: Remuneración Básica | G5: 6000 | H5: 6000 | I5: 4000 | J5: 2100 | K5: 4000 | L5: 4000 | M5: 4000
E6: Asignación Familiar | G6: 85 | H6: 85 | I6: 0
D7: 2 | E7: Provisiones
E8: Vacaciones | F8: 0.083333333 | G8: =(G5+G6)*F8 -> 507.08333 | H8: =+(H5+H6)*F8 -> 507.08333 | I8: =+(I5+I6)*F8 -> 333.33333 | J8: =(J5+J6)*F8 -> 175 | K8: =+J8 -> 175 | L8: =+K8 -> 175 | M8: =+L8 -> 175
E9: Gratificación | F9: 0.16666667 | G9: =(G5+G6)*F9 -> 1014.1667 | H9: =+(H5+H6)*F9 -> 1014.1667 | I9: =+(I5+I6)*F9 -> 666.66667 | J9: =(J5+J6)*F9 -> 350 | K9: =+J9 -> 350 | L9: =+K9 -> 350 | M9: =+L9 -> 350
E10: CTS | F10: 0.083333333 | G10: =(G5+G6)*F10 -> 507.08333 | H10: =+(H5+H6)*F10 -> 507.08333 | I10: =+(I5+I6)*F10 -> 333.33333 | J10: =(J5+J6)*F10 -> 175 | K10: =+J10 -> 175 | L10: =+K10 -> 175 | M10: =+L10 -> 175
E11: ESSALUD | F11: 0.09 | G11: =(G5+G6)*F11 -> 547.65 | H11: =+(H5+H6)*F11 -> 547.65 | I11: =+(I5+I6)*F11 -> 360 | J11: =(J5+J6)*F11 -> 189 | K11: =+J11 -> 189 | L11: =+K11 -> 189 | M11: =+L11 -> 189
E12: Total Planilla de Personal | G12: =SUM(G5:G11) -> 8660.9833 | H12: =SUM(H5:H11) -> 8660.9833 | I12: =SUM(I5:I11) -> 5693.3333 | J12: =J5+J6+J8+J9+J10+J11 -> 2989 | K12: =K5+K6+K8+K9+K10+K11 -> 4889 | L12: =L5+L6+L8+L9+L10+L11 -> 4889 | M12: =M5+M6+M8+M9+M10+M11 -> 4889

Sheet PLANILLA
A2: MANO DE OBRA | B2: MENSUAL | C2: COSTO X HORA
A3: COORDINADOR DE SERVICIO | B3: 4500 | C3: =B3/240 -> 18.75
A4: ANALISTA DE CAMPO - CONDUCTOR | B4: 2500 | C4: =B4/240 -> 10.416667
A5: AGENTE DE SEGURIDAD | B5: 1500 | C5: =B5/240 -> 6.25
A8: MAQUINARIA | B8: DIARIO | C8: COSTO X HORA
A9: MUESTREADOR DE PARTÍCULAS DE ALTO VOLUMEN HI-VOL PM 10 | B9: 200 | C9: =B9/24 -> 8.3333333
A10: MUESTREADOR DE PARTÍCULAS DE ALTO VOLUMEN HI-VOL PM 2.5 | B10: 200 | C10: =B10/24 -> 8.3333333
A11: TREN DE MUESTREO (SO2, NO2, H2S, CO) | B11: 200 | C11: =B11/24 -> 8.3333333
A12: ESTACIÓN METEREOLOGICA | B12: =225/2 -> 112.5 | C12: =B12/24 -> 4.6875
A13: GRUPO ELECTROGENO | B13: 100 | C13: =B13/24 -> 4.1666667
A14: CAMIONETA 4X4 | B14: 400 | C14: =B14/8 -> 50
A15: SONÓMETRO | B15: 140 | C15: 140
A16: MULTIPARAMETRO (T°, OD, pH Y CONDUCTIVIDAD) | B16: 225 | C16: =B16/8 -> 28.125
